 Dungeon Crawl Stone Soup version 0.27-a0-1272-g7c8ad2e407 (webtiles) character file.

Game seed: 6011558885345032752

753932 Kinoniko the Conqueror (level 27, 273/273 HPs)
             Began as a Minotaur Fighter on June 11, 2021.
             Was the Champion of Zin.
             Quit the game on level 4 of the Depths on June 17, 2021.
             The game lasted 02:08:56 (64524 turns).

Kinoniko the Conqueror (Minotaur Fighter)          Turns: 64524, Time: 02:08:57

Health: 273/273    AC: 33    Str: 27    XL:     27
Magic:  17/17      EV: 23    Int: 16    God:    Zin [******]
Gold:   3497       SH: 36    Dex: 18    Spells: 24/26 levels left

rFire    + + +     SeeInvis .   L - +7 broad axe of Okawaru's Envy {speed, rCorr}
rCold    + + +     Faith    .   U - +10 tower shield of Pisen {Harm rF+ rN+ Str-3}
rNeg     + + .     Spirit   +   J - +3 chain mail of the Lute {rElec rPois MP-9 Str+9}
rPois    +         Reflect  .   k - +2 hat of the Bear Spirit {Spirit, +Rage rN+ Will++}
rElec    +         Harm     +   d - +2 cloak {Will+}
rCorr    +         Rampage  .   i - +2 pair of gloves {Dex+3}
Will     +++++                  v - +0 pair of boots of Vowes {rF+++ Str-3}
Stlth    ..........             j - amulet of regeneration
HPRegen  1.55/turn              F - ring "Usuips" {Ice Slay+5}
MPRegen  0.15/turn              K - ring of Duggenar {rPois rC++ MP-9 Int+6 Stlth+}

@: studying 4 skills
A: horns 2, retaliatory headbutt
}: 5/15 runes: barnacled, slimy, silver, abyssal, gossamer
a: Renounce Religion, Evoke Berserk Rage, Recite, Vitalisation, Imprison,
Sanctuary, Donate Gold


You were on level 4 of the Depths.
You worshipped Zin.
Zin was exalted by your worship.
You visited 11 branches of the dungeon, and saw 53 of its levels.
You visited the Abyss 5 times.
You also visited: Sewer and Ice Cave.

You collected 10118 gold pieces.
You spent 2978 gold pieces at shops.
You donated 3643 gold pieces to Zin.

Inventory:

Hand Weapons
 L - the +7 broad axe of Okawaru's Envy (weapon) {speed, rCorr}
   (Okawaru gifted it to you on level 5 of the Vaults)

   Attacks with this weapon are significantly faster.
   It protects you from acid and corrosion.
Missiles
 M - 56 silver javelins (quivered)
Armour
 d - a +2 cloak of willpower (worn)
 i - a +2 pair of gloves of dexterity (worn)
 k - the +2 hat of the Bear Spirit (worn) {Spirit, +Rage rN+ Will++}
   (You found it on level 3 of the Elven Halls)

   It protects you from negative energy.
   It lets you go berserk.
   It greatly increases your willpower.
 v - the +0 pair of boots of Vowes (worn) {rF+++ Str-3}
   (Okawaru gifted it to you on level 2 of the Shoals)

   It affects your strength (-3).
   It renders you almost immune to fire.
 J - the +3 chain mail of the Lute (worn) {rElec rPois MP-9 Str+9}
   (You found it on level 10 of the Dungeon)

   It affects your strength (+9).
   It insulates you from electricity.
   It protects you from poison.
   It affects your magic capacity (-9).
 U - the +10 tower shield of Pisen (worn) {Harm rF+ rN+ Str-3}
   (Okawaru gifted it to you on level 5 of the Depths)

   It affects your strength (-3).
   It protects you from fire.
   It protects you from negative energy.
   It increases damage dealt and taken.
Jewellery
 j - an amulet of regeneration (around neck)
 F - the ring "Usuips" (left hand) {Ice Slay+5}
   (You took it off a frost giant on level 4 of the Depths)

   [ring of ice]

   It enhances your ice magic.
   It affects your accuracy and damage with ranged weapons and melee attacks
   (+5).
   It makes you vulnerable to fire.
   It protects you from cold.
 K - the ring of Duggenar (right hand) {rPois rC++ MP-9 Int+6 Stlth+}
   (You took it off a frost giant on level 2 of the Depths)

   [ring of intelligence]

   It affects your intelligence (+6).
   It greatly protects you from cold.
   It protects you from poison.
   It affects your magic capacity (-9).
   It makes you more stealthy.
Wands
 a - a wand of mindburst (44)
 w - a wand of paralysis (42)
 y - a wand of digging (3)
 Q - a wand of iceblast (58)
 W - a wand of acid (17)
Scrolls
 b - 3 scrolls of summoning
 f - 6 scrolls of blinking
 m - 30 scrolls of teleportation
 n - 16 scrolls of fog
 p - 9 scrolls of magic mapping
 s - a scroll of amnesia
 t - 13 scrolls of fear
 x - 2 scrolls of silence
 C - a scroll of holy word
Potions
 c - 3 potions of brilliance
 h - 6 potions of magic
 q - 19 potions of curing
 r - 9 potions of heal wounds
 u - 4 potions of berserk rage
 A - 9 potions of mutation
 D - 5 potions of resistance
 H - 5 potions of invisibility
 R - 9 potions of haste
 T - 6 potions of ambrosia
 V - 3 potions of might
 Y - 6 potions of cancellation


   Skills:
 O Level 27 Fighting
 - Level 20.8 Axes
 - Level 17.5 Throwing
 O Level 27 Armour
 - Level 23.8 Dodging
 - Level 24.0 Shields
 * Level 18.7 Invocations
 - Level 8.3 Evocations


You had 24 spell levels left.
You knew the following spells:

 Your Spells              Type           Power      Damage    Failure   Level
a - Wereblood             Tmut           0%         N/A       67%         2

Your spell library contained the following spells:

 Spells                   Type           Power      Damage    Failure   Level
 Animate Skeleton         Necr           0%         N/A       52%         1
 Apportation              Tloc           0%         N/A       52%         1
 Beastly Appendage        Tmut           0%         N/A       52%         1
 Corona                   Hex            0%         N/A       52%         1
 Foxfire                  Conj/Fire      0%         2x1d4     52%         1
 Freeze                   Ice            0%         1d3       52%         1
 Magic Dart               Conj           0%         1d3       52%         1
 Sandblast                Erth           0%         2d4       52%         1
 Shock                    Conj/Air       0%         1d3       52%         1
 Sting                    Tmut/Pois      0%         1d3       52%         1
 Summon Small Mammal      Summ           0%         N/A       52%         1
 Blink                    Tloc           N/A        N/A       67%         2
 Call Imp                 Summ           0%         N/A       67%         2
 Corpse Rot               Necr/Air       N/A        N/A       67%         2
 Ensorcelled Hibernation  Hex/Ice        0%         N/A       67%         2
 Passwall                 Tmut/Erth      0%         N/A       67%         2
 Poisonous Vapours        Pois/Air       0%         N/A       67%         2
 Searing Ray              Conj           0%         3d3       67%         2
 Slow                     Hex            0%         N/A       67%         2
 Static Discharge         Conj/Air       0%         N/A       67%         2
 Sublimation of Blood     Necr           0%         N/A       67%         2
 Call Canine Familiar     Summ           0%         N/A       88%         3
 Confusing Touch          Hex            0%         N/A       88%         3
 Conjure Flame            Conj/Fire      0%         6-21      88%         3
 Dazzling Flash           Conj/Hex       0%         N/A       88%         3
 Frozen Ramparts          Ice            0%         1d2       88%         3
 Gell's Gravitas          Tloc           0%         N/A       88%         3
 Ignite Poison            Fire/Tmut/Pois 0%         N/A       88%         3
 Inner Flame              Hex/Fire       0%         N/A       88%         3
 Lesser Beckoning         Tloc           0%         N/A       88%         3
 Mephitic Cloud           Conj/Pois/Air  0%         N/A       88%         3
 Ozocubu's Armour         Ice            0%         N/A       88%         3
 Portal Projectile        Hex/Tloc       0%         N/A       88%         3
 Spider Form              Tmut/Pois      0%         N/A       88%         3
 Stone Arrow              Conj/Erth      0%         3d7       88%         3
 Summon Guardian Golem    Hex/Summ       0%         N/A       88%         3
 Swiftness                Air            0%         N/A       88%         3
 Teleport Other           Tloc           0%         N/A       88%         3
 Tukima's Dance           Hex            0%         N/A       88%         3
 Airstrike                Air            0%         N/A       99%         4
 Animate Armour           Summ/Erth      0%         N/A       99%         4
 Cause Fear               Hex            0%         N/A       99%         4
 Fulminant Prism          Conj/Hex       0%         3d6       99%         4
 Hailstorm                Conj/Ice       0%         3d3       99%         4
 Ice Form                 Ice/Tmut       0%         N/A       99%         4
 Iskenderun's Mystic Bla  Conj/Tloc      0%         2d3       99%         4
 Leda's Liquefaction      Hex/Erth       0%         N/A       99%         4
 Olgreb's Toxic Radiance  Pois           0%         N/A       99%         4
 Passage of Golubria      Tloc           N/A        N/A       99%         4
 Petrify                  Tmut/Erth      0%         N/A       99%         4
 Summon Ice Beast         Ice/Summ       0%         N/A       99%         4
 Summon Lightning Spire   Summ/Air       0%         N/A       99%         4
 Alistair's Intoxication  Tmut/Pois      0%         N/A       100%        5
 Bolt of Magma            Conj/Fire/Erth 0%         4d4       100%        5
 Borgnjor's Vile Clutch   Necr/Erth      0%         N/A       100%        5
 Fireball                 Conj/Fire      0%         3d3       100%        5
 Freezing Cloud           Conj/Ice/Air   0%         6-21      100%        5
 Irradiate                Conj/Tmut      0%         3d13      100%        5
 Lee's Rapid Deconstruct  Erth           0%         3d5*      100%        5
 Lightning Bolt           Conj/Air       0%         1d11      100%        5
 Manifold Assault         Tloc           0%         N/A       100%        5
 Metabolic Englaciation   Hex/Ice        0%         N/A       100%        5
 Summon Forest            Summ/Tloc      0%         N/A       100%        5
 Summon Mana Viper        Hex/Summ       0%         N/A       100%        5
 Yara's Violent Unravell  Hex/Tmut       0%         3d3       100%        5
 Blade Hands              Tmut           0%         N/A       100%        6
 Invisibility             Hex            0%         N/A       100%        6
 Shadow Creatures         Summ           N/A        N/A       100%        6
 Simulacrum               Ice/Necr       0%         N/A       100%        6
 Starburst                Conj/Fire      0%         8x6d3     100%        6
 Statue Form              Tmut/Erth      0%         N/A       100%        6
 Dragon Form              Tmut           0%         N/A       100%        7
 Orb of Destruction       Conj           0%         N/A       100%        7
 Ozocubu's Refrigeration  Ice            0%         4d5       100%        7
 Storm Form               Tmut/Air       0%         N/A       100%        7
 Summon Hydra             Summ           0%         N/A       100%        7
 Ignition                 Fire           0%         3d3       100%        8
 Dragon's Call            Summ           0%         N/A       100%        9
 Polar Vortex             Ice            0%         N/A       100%        9
 Shatter                  Erth           0%         3d5*      100%        9


Dungeon Overview and Level Annotations

Branches:
Dungeon (15/15)            Temple (1/1) D:7            Lair (6/6) D:10
 Shoals (4/4) Lair:3       Spider (4/4) Lair:3        Slime (5/5) Lair:6
    Orc (2/2) D:9             Elf (3/3) Orc:2        Vaults (5/5) D:13
  Crypt (3/3) Vaults:2       Tomb (0/3) Crypt:3      Depths (5/5) D:15
    Zot (0/5) Depths:5      Sewer (visited)           IceCv (visited)

Altars:
Ashenzari
Cheibriados
Dithmenos
Elyvilon
Fedhas
Gozag
Hepliaklqana
Kikubaaqudgha
Makhleb
Nemelex Xobeh
Okawaru
Qazlal
Ru
Sif Muna
Trog
Uskayaw
Vehumet
Wu Jian
Xom
Yredelemnul
Zin
The Shining One
Beogh
Lugonu

Shops:
Orc:1 :   Orc:2 ::[[   Elf:3 :   Shoals:2 *   Vaults:2 *   Depths:2 :

Portals:
Hell: Depths:1 Depths:2 Depths:3 Depths:4 Depths:5
Abyss: Lair:6 Depths:1 Depths:4
Pandemonium: Depths:1 Depths:3
Ziggurat: Depths:4
Trove: Vaults:4 (give 2 scrolls of acquirement)


Innate Abilities, Weirdness & Mutations

You have a pair of horns on your head.
You reflexively headbutt those who attack you in melee.


Message History

a +1 vorpal broad axe; a +0 chain mail; a human corpse
Items here: )) [[.
Things that are here:
a +1 vorpal broad axe; a +0 chain mail; a human corpse
Items here: )) [[ †.
Things that are here:
a +1 vorpal broad axe; a +0 chain mail; a human corpse
e - a +1 vorpal broad axe
There is a gateway leading out of the Abyss here.
Items here: )) [[ †.
There is a gateway leading out of the Abyss here.
You pass through the gate.
Welcome back to the Depths!
There is a one-way gate to the infinite horrors of the Abyss here.
There is a corrupted altar of Lugonu here.
Items here: (( ) = ???.
Drop what? 44/52 slots (_ for help) (? for menu, Esc to quit)
You drop a +1 vorpal broad axe.
You drop a scroll of enchant weapon.
You drop 2 potions of flight.
You drop a scroll of brand weapon.
You drop 24 atropa-tipped darts.
You drop a scroll of identify.
You drop a scroll of enchant armour.
Unknown command.
Really walk into that cloud of flame? [Y]es or [N]o only, please.
Really walk into that cloud of flame?
Okay, then.
There is a corrupted altar of Lugonu here.
There is a one-way gate to the infinite horrors of the Abyss here.
Okay, then.
Okay, then.
Okay, then.
Zin grants you divine stamina.
You start resting.
Magic restored.
You start waiting.
Your divine stamina fades away.
Are you sure you want to abandon this character and quit the game? (Confirm with "yes".)

............'....# #.# #.....
............#....###.# #.###(
#############....'...#######.#
## #....###.........# #
################## #.#######.#
# .).....)....### ###'#### #.#
.....)......'.####(.....####.#
...^........#..##§......'....#
##############.#@_.^....######
####.#########.##§......#
.............[.###......#
#################.......#
#########


There were no monsters in sight!

Vanquished Creatures
  the Royal Jelly (Slime:5)
  4 dread liches
  An ancient lich (Vaults:5)
  Mara (Crypt:2)
  Boris (Crypt:2)
  The ghost of Delamore the Warrior, a veteran FoFi of Gozag (Lair:6)
  Saint Roka (Depths:5)
  Margery (Depths:5)
  Frederick (Vaults:2)
  2 caustic shrikes (Depths:4)
  8 golden dragons
  4 profane servitors
  9 bone dragons
  3 Hell Sentinels (Abyss:1)
  2 hellephants (Abyss:1)
  Jorgrun (D:15)
  4 tentacled monstrosities
  8 liches
  3 deep elf master archers
  20 titans
  15 acid blobs
  2 deep elf blademasters (Elf:3)
  3 quicksilver dragons
  3 ancient champions
  11 sphinxes
  36 tentacled starspawn
  Polyphemus (Shoals:4)
  An Executioner (Abyss:3)
  6 tengu reavers
  10 shadow dragons
  3 revenants
  Agnes (Spider:2)
  10 rockslimes (Slime:5)
  2 draconian monks
  Roxanne (Elf:2)
  A storm dragon (Vaults:5)
  5 azure jellies
  26 frost giants
  A nagaraja (Abyss:3)
  2 daevas
  A draconian knight (Depths:5)
  16 fire giants
  4 orc warlords
  17 vault wardens
  A draconian shifter (Abyss:2)
  9 deep elf sorcerers
  2 ghost moths (Spider:4)
  3 iron dragons
  2 balrugs
  5 cacodemons
  A draconian annihilator (Depths:5)
  2 angels (Abyss:3)
  6 emperor scorpions
  2 ghouls
  32 very ugly things
  20 ironbound preservers
  A reaper (Crypt:2)
  5 deep elf elementalists
  5 war gargoyles
  A draconian stormcaller (Abyss:1)
  2 ophanim (Abyss:1)
  9 quicksilver oozes
  37 stone giants
  Azrael (D:15)
  3 green draconians
  7 deep elf demonologists
  4 spark wasps
  A lorocyproca (Abyss:2)
  4 black draconians
  6 dire elephants
  A purple draconian (Crypt:2)
  9 vampire knights
  7 deep elf annihilators
  2 red draconians
  2 yellow draconians
  A white draconian (Depths:5)
  5 entropy weavers
  3 eidola
  14 ettins
  6 merfolk javelineers
  26 jiangshi
  3 blizzard demons
  11 fire dragons
  2 green deaths (Abyss:1)
  2 crystal guardians
  Josephine (Orc:2)
  5 deep elf high priests
  3 merfolk impalers (Shoals:4)
  10 deep elf death magi
  15 great orbs of eyes
  11 yaktaur captains
  Erolcha (D:11)
  41 vault guards
  3 peacekeepers
  8 ice dragons
  5 ironbound thunderhulks
  3 salamander tyrants (Depths:2)
  A hydra (shapeshifter) (Depths:3)
  A naga warrior (Abyss:2)
  7 rakshasas
  7 ogre magi
  13 ironbound frosthearts
  2 merfolk avatars
  9 centaur warriors
  8 boulder beetles
  10 hydras
  8 death yaks
  38 two-headed ogres
  2 catoblepae
  An anaconda (shapeshifter) (Abyss:2)
  2 merfolk aquamancers
  5 spriggan air magi
  6 hell hogs
  2 alligator snapping turtles (Shoals:4)
  7 satyrs
  8 death knights
  6 tengu warriors
  The ghost of Bapho the Slicer, a novice DrVM of the Shining One (D:9)
  34 dancing weapons
  A death scarab (Abyss:1)
  7 vampire magi
  89 large abominations
  8 deep troll shamans
  3 orc high priests
  32 thrashing horrors
  9 spriggan berserkers
  9 deep troll earth magi
  17 hell knights
  11 ironbound beastmasters
  19 deep elf knights
  8 shadow wraiths
  A titan zombie (Crypt:2)
  4 sun demons
  7 iron trolls
  Nergalle (Lair:3)
  2 titan skeletons (Abyss:1)
  24 skeletal warriors
  2 salamander mystics (Depths:4)
  24 wretched stars
  9 sixfirhies
  A storm dragon skeleton (Crypt:1)
  2 golden dragon skeletons (Abyss:1)
  6 glowing orange brains
  86 deep trolls
  5 flayed ghosts
  An iron giant zombie (Crypt:2)
  A sea snake (shapeshifter) (Depths:5)
  10 sea snakes
  2 anaconda zombies
  An obsidian statue (Abyss:2)
  21 phantasmal warriors
  10 wizards
  A golden dragon zombie (Abyss:2)
  13 lindwurms
  7 spatial maelstroms
  21 deep elf archers
  2 shadow dragon zombies (Abyss:1)
  18 ironbound convokers
  A wolf spider zombie (Crypt:2)
  11 orc knights
  A harpy (shapeshifter) (D:14)
  33 deep elf zephyrmancers
  Pikel (D:4)
  15 harpies
  16 necromancers
  18 orb spiders
  31 deep elf pyromancers
  An iron dragon zombie (Crypt:1)
  An eleionoma zombie (Crypt:1)
  A fire giant zombie (Abyss:1)
  15 fauns
  An orb spider (shapeshifter) (Elf:1)
  2 will-o-the-wisps
  A stone giant zombie (Abyss:1)
  A spectral ice dragon (Crypt:3)
  26 wolf spiders
  52 ugly things
  3 orc sorcerers
  16 worldbinders
  8 cyclopes
  3 frost giant zombies
  7 shining eyes
  A stone giant skeleton (Depths:1)
  5 salamanders (Depths:4)
  A guardian serpent (Abyss:2)
  14 manticores
  An iron dragon skeleton (Abyss:2)
  16 elephants
  5 moths of wrath
  6 water nymphs
  3 frost giant skeletons
  13 merfolk sirens
  A dire elephant zombie (Abyss:1)
  A guardian serpent (shapeshifter) (Elf:2)
  19 vault sentinels
  2 rust devils
  3 ice statues (IceCv)
  5 apocalypse crabs
  2 torpor snails
  19 smoke demons
  A hellion (Abyss:3)
  9 cane toads
  3 gargoyles (D:12)
  6 rime drakes
  26 demonic crawlers
  14 orange demons
  A catoblepas zombie (Abyss:2)
  7 kobold demonologists
  3 unseen horrors
  A yaktaur (shapeshifter) (Abyss:1)
  9 hellwings
  12 komodo dragons
  55 yaktaurs
  8 efreet
  A tormentor (Abyss:3)
  10 freezing wraiths
  An ice devil (Abyss:2)
  4 tengu conjurers
  17 merfolk
  2 silent spectres
  20 trolls
  3 meliai (D:14)
  22 ancient zymes
  A hydra zombie (Abyss:1)
  A shadow dragon simulacrum (Abyss:2)
  2 polar bears (shapeshifter)
  25 jumping spiders
  3 polar bears
  4 wind drakes
  15 hornets
  A wolf spider simulacrum (Abyss:3)
  16 blink frogs
  11 dream sheep
  79 slime creatures
  2 ettin zombies
  46 raiju
  8 snapping turtles
  2 ice dragon zombies
  2 centaur simulacra
  123 starcursed masses
  6 spriggans
  55 flying skulls
  3 ice dragon skeletons
  3 air elementals
  37 tarantellas
  3 ettin skeletons
  A fire dragon skeleton (Abyss:1)
  52 redbacks
  9 shadows
  88 yaks
  17 wraiths
  2 elf skeletons
  16 ynoxinuls
  8 wyverns
  7 basilisks
  26 water elementals
  7 fire elementals
  9 humans (D:13)
  18 neqoxecs
  A black mamba skeleton (Crypt:2)
  A human (shapeshifter) (D:13)
  A yak (shapeshifter) (Elf:2)
  A golden eye (shapeshifter) (Vaults:5)
  13 golden eyes (Abyss:1)
  A steam dragon (D:8)
  A yaktaur simulacrum (Vaults:4)
  22 chaos spawn
  18 spatial vortices
  19 vampire mosquitoes
  An infernal demonspawn zombie (Crypt:1)
  A merfolk zombie (Crypt:1)
  A tengu zombie (Depths:1)
  An acid dragon (D:12)
  A naga (Abyss:2)
  7 wargs
  16 water moccasins
  A cane toad zombie (Crypt:1)
  3 floating eyes
  9 hell hounds
  19 orc warriors
  A snapping turtle zombie (Crypt:3)
  8 ice beasts
  An ettin simulacrum (Abyss:2)
  3 black bears
  A manticore zombie (Abyss:1)
  A cane toad skeleton (Crypt:2)
  5 necrophages
  26 ogres
  10 boggarts
  A swamp dragon zombie (Crypt:1)
  31 wolves
  8 centaurs
  A phantom (D:8)
  3 lemures (D:4)
  3 kobold brigands
  18 bullfrogs
  2 wyvern zombies
  2 earth elementals
  15 scorpions
  A komodo dragon skeleton (Crypt:1)
  73 small abominations
  2 troll zombies (D:9)
  6 killer bees (D:7)
  6 wights
  5 spriggan skeletons (D:13)
  A troll skeleton (D:13)
  6 electric eels
  6 howler monkeys
  8 crimson imps (Abyss:1)
  4 centaur zombies
  14 jellies
  8 quasits
  A bullfrog zombie (D:5)
  19 orc priests
  3 centaur skeletons
  A gnoll shaman (D:7)
  A hound (D:5)
  A bullfrog skeleton (D:6)
  11 iron imps
  A black bear skeleton (Crypt:2)
  3 iguanas
  Natasha (thrice) (D:3)
  24 orc wizards
  2 hell rats (Lair:6)
  A killer bee zombie (D:8)
  An acid dragon zombie (Crypt:1)
  A felid zombie (Crypt:1)
  7 ogre zombies
  4 hound skeletons
  3 gnolls (D:7)
  14 adders
  14 river rats
  3 shadow imps (Abyss:1)
  15 white imps
  13 ufetubi
  An adder zombie (D:5)
  2 adder skeletons (D:4)
  3 worms
  3 dart slugs
  68 orcs
  7 bats
  13 endoplasms
  6 giant cockroaches
  6 goblins
  8 hobgoblins
  9 jackals
  25 kobolds
  3 quokkas
  13 ball pythons
  7 frilled lizards
  A frilled lizard zombie (Crypt:2)
  2 goblin skeletons (D:9)
  2 goblin zombies (D:9)
  4 hobgoblin zombies (D:9)
  2 kobold skeletons
  A kobold zombie (Abyss:2)
  4 orc skeletons (D:9)
  13 orc zombies (D:9)
  28 rats
  5 lurking horrors
  24 starspawn tentacles
3447 creatures vanquished.

Vanquished Creatures (collateral kills)
  An orb spider (Spider:1)
1 creature vanquished.

Vanquished Creatures (others)
  Louise (Spider:1)
  A fire giant (Vaults:5)
  A stone giant (Depths:3)
  2 deep elf knights
  An iron troll (Depths:1)
  A necromancer (D:14)
  A deep elf pyromancer (Elf:3)
  2 moths of wrath (D:14)
  A human (D:13)
  A vampire mosquito (Abyss:1)
  An orc warrior (Elf:1)
  An ettin simulacrum (Abyss:2)
  2 small abominations (Abyss:2)
  An orc wizard (D:10)
  A shadow imp (Abyss:1)
  3 demonic plants (Abyss:1)
  13 foxfires
  43 fungi
  A lurking horror (Abyss:1)
  3 pillars of salt (Abyss:3)
  180 plants
  57 starspawn tentacles
318 creatures vanquished.

Grand Total: 3766 creatures vanquished

Notes
Turn   | Place    | Note
-------+----------+-------------------------------------------
     0 | D:1      | Kinoniko the Minotaur Fighter began the quest for the Orb.
     0 | D:1      | Reached XP level 1. HP: 19/19 MP: 0/0
   202 | D:1      | Reached XP level 2. HP: 26/26 MP: 1/1
   996 | D:2      | Reached XP level 3. HP: 27/31 MP: 2/2
  1087 | D:2      | Reached skill level 5 in Axes
  1271 | D:2      | Reached XP level 4. HP: 39/39 MP: 3/3
  1710 | D:3      | Found a white marble altar of Elyvilon.
  1846 | D:3      | Found a stormy altar of Qazlal.
  1939 | D:3      | Found a faded altar of an unknown god.
  2067 | D:3      | Found a shimmering altar of Xom.
  2356 | D:3      | Noticed Natasha
  2358 | D:3      | Killed Natasha
  2359 | D:3      | Reached XP level 5. HP: 45/45 MP: 4/4
  2473 | D:3      | Noticed Natasha
  2477 | D:3      | Killed Natasha
  2588 | D:3      | Noticed Natasha
  2596 | D:3      | Killed Natasha
  2802 | D:4      | Found a glowing golden altar of the Shining One.
  2838 | D:4      | Reached XP level 6. HP: 9/51 MP: 5/5
  3134 | D:4      | Identified the +0 chain mail "Ifremmipu" {rPois Regen+}
  3275 | D:4      | Found a glowing drain.
  3279 | Sewer    | Entered a sewer
  3707 | Sewer    | Reached XP level 7. HP: 51/57 MP: 6/6
  4344 | D:4      | Reached skill level 10 in Axes
  4495 | D:4      | Noticed Pikel
  4508 | D:4      | Killed Pikel
  4509 | D:4      | Reached XP level 8. HP: 62/64 MP: 7/7
  5011 | D:4      | Identified the +5 ring mail of Gijeot Loin {-Cast rElec
                  | rN++ Str+4}
  5132 | D:5      | Entered Level 5 of the Dungeon
  5442 | D:5      | Found a hazy altar of Hepliaklqana.
  6108 | D:6      | Reached XP level 9. HP: 62/72 MP: 8/8
  6323 | D:7      | Reached skill level 5 in Fighting
  6382 | D:7      | Noticed a troll
  6391 | D:7      | Killed a troll
  6566 | D:7      | Found a staircase to the Ecumenical Temple.
  6706 | Temple   | Entered the Ecumenical Temple
  6903 | Temple   | Became a worshipper of Warmaster Okawaru
  7327 | D:7      | Reached skill level 15 in Axes
  7351 | D:8      | Reached * piety under Okawaru
  7370 | D:8      | Reached XP level 10. HP: 86/86 MP: 9/9
  7427 | D:8      | Noticed a manticore
  7435 | D:8      | Killed a manticore
  7528 | D:8      | Noticed a two-headed ogre
  7535 | D:8      | Killed a two-headed ogre
  7535 | D:8      | Reached ** piety under Okawaru
  7862 | D:8      | Reached skill level 10 in Fighting
  8089 | D:8      | Reached *** piety under Okawaru
  8097 | D:8      | Reached skill level 1 in Invocations
  8179 | D:9      | Found a staircase to the Orcish Mines.
  8274 | D:9      | Noticed a two-headed ogre
  8281 | D:9      | Killed a two-headed ogre
  8281 | D:9      | Reached **** piety under Okawaru
  8282 | D:9      | Reached XP level 11. HP: 67/101 MP: 11/11
  8413 | D:9      | Identified the ring of Dishonour {rC+ Dex+6}
  8463 | D:9      | Found an ornate altar of the Wu Jian Council.
  8635 | D:9      | Found a large runed translucent door.
  8635 | D:9      | Found a large runed translucent door.
  8636 | D:9      | Noticed Bapho's ghost (novice DrVM)
  9025 | D:10     | Entered Level 10 of the Dungeon
  9070 | D:10     | Found a broken altar of Ashenzari.
  9112 | D:10     | Noticed a two-headed ogre
  9122 | D:10     | Killed a two-headed ogre
  9147 | D:10     | Identified the +3 chain mail of the Lute {rElec rPois MP-9
                  | Str+9}
  9201 | D:10     | Reached ***** piety under Okawaru
  9285 | D:10     | Reached skill level 1 in Dodging
  9514 | D:10     | Noticed a two-headed ogre
  9520 | D:10     | Killed a two-headed ogre
  9523 | D:10     | Found a staircase to the Lair.
  9755 | D:11     | Reached skill level 5 in Invocations
  9837 | D:11     | Identified the +3 leather armour "Elex" {rC++}
  9861 | D:11     | Noticed a six-headed hydra
  9868 | D:11     | Killed a nine-headed hydra
  9868 | D:11     | Identified the +0 hat of the Vacuum {*Slow rN+++ Dex-5
                  | Slay+5} (Okawaru gifted it to you on level 11 of the
                  | Dungeon)
  9868 | D:11     | Received a gift from Okawaru
  9928 | D:11     | Noticed a purple ugly thing
  9936 | D:11     | Killed a purple ugly thing
  9945 | D:11     | Reached XP level 12. HP: 99/115 MP: 0/15
 10104 | Lair:1   | Entered Level 1 of the Lair of Beasts
 10225 | Lair:1   | Noticed a five-headed hydra
 10234 | Lair:1   | Killed a ten-headed hydra
 11006 | Lair:2   | Identified a scroll of acquirement
 11007 | Lair:2   | Acquired 670 gold pieces
 11224 | Lair:2   | Found a dark tunnel.
 11297 | Lair:2   | Identified the +2 broad axe "Jin Yrak" {vorpal, rPois
                  | Will++ Str+4 Stlth-} (Okawaru gifted it to you on level 2
                  | of the Lair of Beasts)
 11297 | Lair:2   | Received a gift from Okawaru
 11768 | Lair:3   | Noticed Nergalle
 11781 | Lair:3   | Killed Nergalle
 11839 | Lair:3   | Acquired a manual of Dodging
 11857 | Lair:3   | Noticed a four-headed hydra
 11862 | Lair:3   | Killed a six-headed hydra
 11863 | Lair:3   | Reached skill level 15 in Fighting
 11979 | Lair:3   | Reached XP level 13. HP: 115/127 MP: 9/18
 12038 | Lair:3   | Found a hole to the Spider Nest.
 12111 | Lair:3   | Reached skill level 5 in Armour
 12178 | Lair:3   | Found a staircase to the Shoals.
 12183 | Lair:3   | Reached skill level 5 in Shields
 12518 | Lair:4   | You fall into a shaft and drop 1 floor!
 12577 | Lair:5   | Acquired a +2 tower shield of reflection
 12579 | Lair:5   | Acquired 453 gold pieces
 12581 | Lair:5   | Acquired a manual of Fighting
 12676 | Lair:4   | Reached ****** piety under Okawaru
 12711 | Lair:4   | Reached skill level 5 in Dodging
 12723 | Lair:4   | Received a gift from Okawaru
 13980 | Lair:6   | Entered Level 6 of the Lair of Beasts
 13991 | Lair:5   | Received a gift from Okawaru
 14082 | Lair:6   | Found a staircase to the Slime Pits.
 14224 | Lair:6   | Reached XP level 14. HP: 128/141 MP: 10/19
 14659 | Lair:6   | Found a transporter.
 14942 | Lair:6   | Identified the +0 pair of boots "Oniedghuw" {Rampage
                  | *Corrode Fly Stlth+} (Okawaru gifted it to you on level 6
                  | of the Lair of Beasts)
 14942 | Lair:6   | Received a gift from Okawaru
 15015 | Lair:6   | Noticed Delamore's ghost (veteran FoFi)
 15019 | Lair:6   | Found a transporter.
 15031 | Lair:6   | Found a one-way gate to the infinite horrors of the Abyss.
 15408 | D:11     | Noticed Erolcha
 15416 | D:11     | Killed Erolcha
 15746 | D:11     | Reached skill level 10 in Dodging
 17337 | D:13     | Received a gift from Okawaru
 17341 | D:13     | Reached XP level 15. HP: 156/156 MP: 11/20
 17362 | D:13     | Found a gate to the Vaults.
 17465 | D:14     | Found a runed translucent door.
 17998 | D:14     | Found a transporter.
 18462 | Orc:1    | Entered Level 1 of the Orcish Mines
 18464 | Orc:1    | Found a radiant altar of Vehumet.
 18683 | Orc:2    | Entered Level 2 of the Orcish Mines
 18684 | Orc:2    | Found a staircase to the Elven Halls.
 18753 | Orc:2    | Found Peusosh's Armour Shop.
 18753 | Orc:2    | Found Gajepo's Book Shop.
 18772 | Orc:2    | Identified the +0 hat of Duty {rN+} (Okawaru gifted it to
                  | you on level 2 of the Orcish Mines)
 18772 | Orc:2    | Received a gift from Okawaru
 18896 | Orc:2    | Found Edijoah's Armour Emporium.
 18898 | Orc:2    | Bought the +1 pair of boots "Uwiklori" {Will+ Str+2} for
                  | 263 gold pieces
 18908 | Orc:2    | Found Hoaskesm's Book Boutique.
 19195 | Orc:2    | Noticed Josephine
 19201 | Orc:2    | Killed Josephine
 19360 | Orc:1    | Found Seihoihu's Book Shoppe.
 19365 | Orc:1    | Reached skill level 10 in Armour
 19710 | D:15     | Entered Level 15 of the Dungeon
 19723 | D:15     | Reached skill level 10 in Shields
 19809 | D:15     | Found a frozen archway.
 19840 | IceCv    | Entered an ice cave
 20074 | D:15     | Noticed Jorgrun
 20087 | D:15     | Killed Jorgrun
 20263 | D:15     | Received a gift from Okawaru
 20264 | D:15     | Reached XP level 16. HP: 161/168 MP: 12/21
 20281 | D:15     | Found a staircase to the Depths.
 20313 | D:15     | Noticed Azrael
 20320 | D:15     | Killed Azrael
 20492 | D:15     | Received a gift from Okawaru
 21197 | Shoals:1 | Entered Level 1 of the Shoals
 21807 | Shoals:1 | Reached skill level 1 in Throwing
 22927 | Shoals:2 | Found Xycsuag's General Store.
 22936 | Shoals:2 | Identified the +0 pair of boots of Vowes {rF+++ Str-3}
                  | (Okawaru gifted it to you on level 2 of the Shoals)
 22936 | Shoals:2 | Received a gift from Okawaru
 22950 | Shoals:2 | Bought a potion of heal wounds for 95 gold pieces
 23833 | Shoals:3 | Reached XP level 17. HP: 178/178 MP: 13/22
 24142 | Shoals:4 | Entered Level 4 of the Shoals
 24215 | Shoals:4 | Reached skill level 5 in Throwing
 24508 | Shoals:4 | Got a barnacled rune of Zot
 24700 | Shoals:4 | Received a gift from Okawaru
 24757 | Shoals:4 | Noticed Polyphemus
 24792 | Shoals:4 | Killed Polyphemus
 25473 | Spider:1 | Entered Level 1 of the Spider Nest
 25521 | Spider:1 | Noticed Louise
 25561 | Spider:1 | Killed Louise
 25980 | Spider:2 | Noticed Agnes
 25984 | Spider:2 | Killed Agnes
 26120 | Spider:2 | Received a gift from Okawaru
 26384 | Spider:2 | Received a gift from Okawaru
 26403 | Spider:2 | Acquired the ring of Qyjoapew {Fly rPois Str+4}
 26528 | Spider:2 | Found a runed translucent door.
 26545 | Spider:2 | Received a gift from Okawaru
 26933 | Spider:2 | Reached XP level 18. HP: 190/190 MP: 14/23
 26942 | Spider:2 | Received a gift from Okawaru
 27498 | Spider:4 | Entered Level 4 of the Spider Nest
 27672 | Spider:4 | Identified the Disquisition on the Oath and Snow
 28180 | Spider:4 | Reached skill level 15 in Dodging
 28210 | Spider:4 | Received a gift from Okawaru
 28424 | Spider:4 | Got a gossamer rune of Zot
 28794 | Vaults:1 | Entered Level 1 of the Vaults
 28810 | Vaults:1 | Received a gift from Okawaru
 29154 | Vaults:1 | Received a gift from Okawaru
 29253 | Vaults:1 | Reached XP level 19. HP: 161/200 MP: 15/24
 29468 | Vaults:1 | Reached skill level 10 in Throwing
 30270 | Vaults:1 | Received a gift from Okawaru
 31021 | Vaults:2 | Identified the +11 war axe "Yfy Fyt" {flame, rC+} (Okawaru
                  | gifted it to you on level 2 of the Vaults)
 31021 | Vaults:2 | Received a gift from Okawaru
 31137 | Vaults:2 | Found a staircase to the Crypt.
 31336 | Vaults:2 | Identified the +2 scale mail "Ecsit" {rPois rCorr Str+4
                  | Dex-3}
 31350 | Vaults:2 | Found Soaphili's Assorted Antiques.
 31358 | Vaults:2 | Bought a scroll of fear for 98 gold pieces
 31358 | Vaults:2 | Bought a scroll of blinking for 210 gold pieces
 31504 | Vaults:2 | Received a gift from Okawaru
 31515 | Vaults:2 | Reached XP level 20. HP: 209/209 MP: 16/25
 31646 | Vaults:2 | Noticed Frederick
 31652 | Vaults:2 | Killed Frederick
 32105 | Vaults:3 | Reached skill level 15 in Armour
 32199 | Vaults:3 | Reached skill level 15 in Shields
 32532 | Vaults:3 | Received a gift from Okawaru
 32693 | Vaults:3 | Received a gift from Okawaru
 32951 | Vaults:3 | Identified the +5 war axe of Modesty {vorpal, rC+ rN+ Will-
                  | Str+6} (Okawaru gifted it to you on level 3 of the Vaults)
 32951 | Vaults:3 | Received a gift from Okawaru
 33779 | Vaults:4 | Received a gift from Okawaru
 34049 | Vaults:4 | Reached XP level 21. HP: 216/216 MP: 17/26
 34300 | Vaults:4 | Found a portal to a secret trove of treasure.
 35027 | Elf:1    | Entered Level 1 of the Elven Halls
 35414 | Elf:1    | Identified the +1 buckler of Divine Intervention {rElec}
                  | (Okawaru gifted it to you on level 1 of the Elven Halls)
 35414 | Elf:1    | Received a gift from Okawaru
 36430 | Elf:2    | Found a runed translucent gate.
 36430 | Elf:2    | Found a runed translucent gate.
 36431 | Elf:2    | Found a runed translucent gate.
 36638 | Elf:2    | Identified Roxanne's Collected Works on Earth
 36638 | Elf:2    | Noticed Roxanne
 36646 | Elf:2    | Killed Roxanne
 36802 | Elf:2    | Learned a level 2 spell: Wereblood
 37598 | Elf:3    | Entered Level 3 of the Elven Halls
 37717 | Elf:3    | Paralysed by an air elemental for 1 turns
 37745 | Elf:3    | Found Tejaoqan's Book Shop.
 37809 | Elf:3    | Received a gift from Okawaru
 37874 | Elf:3    | Identified the +5 morningstar "Talloa" {freeze, *Rage rC+++
                  | Int+8 Stlth-}
 38307 | Elf:3    | Received a gift from Okawaru
 38308 | Elf:3    | Reached XP level 22. HP: 145/224 MP: 11/27
 38590 | Elf:3    | Identified the Disquisition on Battle Magic and Poisoning
 38614 | Elf:3    | Identified the +3 shortbow "Opok" {freeze, Contam Will+
                  | Dex+3}
 38620 | Elf:3    | Identified the +0 ring mail of Beyond {Dex+4}
 38651 | Elf:3    | Identified the +7 tower shield "Voweret" {Rampage rN+
                  | Str-3}
 38696 | Elf:3    | Found the +2 hat of the Bear Spirit {Spirit, +Rage rN+
                  | Will++}
 38832 | Elf:3    | Identified the +0 plate armour of Nakk {rC- rN+++ rCorr
                  | Int-5}
 39212 | Vaults:5 | Entered Level 5 of the Vaults
 39276 | Vaults:5 | Reached skill level 1 in Evocations
 39319 | Vaults:5 | Identified the +7 broad axe of Okawaru's Envy {speed,
                  | rCorr} (Okawaru gifted it to you on level 5 of the Vaults)
 39319 | Vaults:5 | Received a gift from Okawaru
 39463 | Vaults:5 | Identified the +7 hunting sling "Zyvyfi" {freeze, rF+}
 39575 | Vaults:5 | Identified the +9 short sword "Lifebane" {vorpal, Fragile
                  | rN+ rCorr Str+2}
 39577 | Vaults:5 | Identified the +3 quarterstaff "Goblinbane" {drain, rF+ rC-
                  | Str+5}
 39579 | Vaults:5 | Received a gift from Okawaru
 39652 | Vaults:5 | Reached skill level 5 in Evocations
 39826 | Vaults:5 | Noticed a golden dragon
 39846 | Vaults:5 | Killed a golden dragon
 40300 | Vaults:5 | Received a gift from Okawaru
 40316 | Vaults:5 | Reached XP level 23. HP: 207/226 MP: 16/28
 40332 | Vaults:5 | Received a gift from Okawaru
 40373 | Vaults:5 | Identified the +1 plate armour of the Tuna {rN+}
 40409 | Vaults:5 | Noticed an ancient lich
 40423 | Vaults:5 | Killed an ancient lich
 40423 | Vaults:5 | Received a gift from Okawaru
 40570 | Vaults:5 | Received a gift from Okawaru
 40946 | Vaults:5 | Got a silver rune of Zot
 40957 | Vaults:5 | Identified the +0 pair of gloves of Purpose {rF+ rCorr
                  | Str-5}
 40963 | Vaults:5 | Identified the +2 trident of the First Deaths {vorpal,
                  | rElec Int-3 Dex+3}
 40967 | Vaults:5 | Identified the +4 falchion of the Spider Nest {pain, rElec
                  | rN+ Stlth-}
 41399 | Lair:6   | Killed Delamore's ghost
 41422 | Lair:6   | Reached skill level 10 in Invocations
 41543 | Lair:6   | Identified the +6 fire dragon scales of Levity {rF++ rC-
                  | Dex+3}
 41923 | Vaults:5 | Found the +7 Spriggan's Knife {stab, EV+4 Stlth+}
 42018 | Vaults:5 | Identified the +1 falchion "Undertaker" {venom, rPois rC-
                  | rN+ rCorr}
 42136 | Vaults:5 | Identified the +0 robe "Narik" {rC- Will++}
 42226 | Vaults:5 | Identified the +4 battleaxe of Voxonuucwa {pain, rN+}
 42644 | Orc:2    | Bought a +2 pair of gloves of dexterity for 215 gold pieces
 43189 | Depths:1 | Entered Level 1 of the Depths
 43664 | Depths:1 | Identified the +1 ring mail of Depression {-Tele rElec rF+}
                  | (Okawaru gifted it to you on level 1 of the Depths)
 43664 | Depths:1 | Received a gift from Okawaru
 43843 | Depths:1 | Found a gateway to Hell.
 43976 | Depths:1 | Found a one-way gate leading to the halls of Pandemonium.
 43977 | Depths:1 | Gained mutation: Your magical capacity is low. (-10% MP) [a
                  | cacodemon]
 44115 | Depths:2 | Found Irchiema's Book Shoppe.
 44136 | Depths:2 | Bought a manual of Armour for 2097 gold pieces
 44253 | Depths:2 | Identified the +0 cloak of Analysis {+Blink rF- Str+4}
 44618 | Depths:2 | Identified the +8 triple sword of Ointment {vorpal, rPois
                  | Dex+4}
 44618 | Depths:2 | Identified the ring of Duggenar {rPois rC++ MP-9 Int+6
                  | Stlth+}
 44630 | Depths:2 | Reached XP level 24. HP: 159/243 MP: 11/27
 44842 | Depths:2 | Identified the Compendium of Earth and Dark Rituals
 45138 | Depths:2 | Found the +3 salamander hide armour {Flames rF++ rC--}
 45195 | Depths:2 | Acquired the +0 pair of boots of the Marlin {rElec Regen+
                  | Int+7}
 45835 | Depths:3 | Received a gift from Okawaru
 46049 | Depths:3 | Received a gift from Okawaru
 46593 | Depths:4 | Found a corrupted altar of Lugonu.
 46900 | Depths:4 | Found a transporter.
 46900 | Depths:4 | Found a transporter.
 46935 | Depths:4 | Identified the ring "Usuips" {Ice Slay+5}
 46968 | Depths:4 | Found a gateway to a ziggurat.
 47816 | D:9      | Killed Bapho's ghost
 47975 | D:14     | Found a transporter.
 47978 | D:14     | Found a runed translucent door.
 47978 | D:14     | Found a bloodstained altar of Trog.
 47979 | D:14     | Found the +8 Wrath of Trog {antimagic, *Rage}
 48032 | D:14     | Identified the +10 plate armour of Responsibility {Int+2}
 48034 | D:14     | Identified the +2 broad axe "Puekuviph" {vorpal, Fly Will+}
 48475 | Depths:4 | Identified the +10 war axe of Ushrimemm {protect, rN+ Int+4
                  | Dex-4} (Okawaru gifted it to you on level 4 of the Depths)
 48475 | Depths:4 | Received a gift from Okawaru
 48613 | Depths:4 | Identified the +2 hat of Gluttony {rCorr}
 48658 | Depths:5 | Entered Level 5 of the Depths
 48696 | Depths:5 | Reached XP level 25. HP: 255/255 MP: 9/27
 48909 | Depths:5 | Identified the +10 tower shield of Pisen {Harm rF+ rN+
                  | Str-3} (Okawaru gifted it to you on level 5 of the Depths)
 48909 | Depths:5 | Received a gift from Okawaru
 49023 | Depths:5 | Noticed Saint Roka
 49039 | Depths:5 | Killed Saint Roka
 49098 | Depths:5 | Reached skill level 27 in Fighting
 49542 | Depths:5 | Found a gate to the Realm of Zot.
 49707 | Depths:5 | Noticed Margery
 49731 | Depths:5 | Killed Margery
 49795 | Depths:5 | Found a radiant altar of Vehumet.
 50320 | Crypt:1  | Entered Level 1 of the Crypt
 50527 | Crypt:1  | Reached skill level 15 in Throwing
 50894 | Temple   | Fell from the grace of Okawaru
 50894 | Temple   | Became a worshipper of Zin the Law-Giver
 50894 | Temple   | Reached * piety under Zin
 50894 | Temple   | Reached ** piety under Zin
 50895 | Temple   | Donated 2311 gold pieces to Zin
 50921 | Temple   | Reached *** piety under Zin
 51045 | D:11     | Reached **** piety under Zin
 51203 | Vaults:2 | Reached ***** piety under Zin
 51384 | Crypt:1  | Donated 1177 gold pieces to Zin
 51448 | Crypt:1  | Reached ****** piety under Zin
 52502 | Crypt:2  | Noticed Boris
 52513 | Crypt:2  | Killed Boris
 52547 | Crypt:2  | Lost mutation: Your magical capacity is low. (-10% MP)
                  | [potion of mutation]
 52803 | Crypt:2  | Noticed Mara
 52830 | Crypt:2  | Killed Mara
 52831 | Crypt:2  | Reached XP level 26. HP: 246/266 MP: 11/30
 53003 | Crypt:3  | Entered Level 3 of the Crypt
 53136 | Crypt:3  | Found an ancient bone altar of Kikubaaqudgha.
 53570 | Crypt:3  | Identified the Guide on Earthen Poisoning
 53652 | Crypt:3  | Found a staircase to the Tomb.
 53652 | Crypt:3  | Noticed a dread lich
 53666 | Crypt:3  | Killed a dread lich
 53686 | Crypt:3  | Identified the +1 ring mail of Reason {rC+ Will+ Int-4}
 53688 | Crypt:3  | Identified the +4 scimitar of Red Wine {freeze, rElec rN+}
 54121 | Crypt:3  | Identified the ring "Bizxura" {rPois rC+ Str+3}
 54602 | Slime:1  | Entered Level 1 of the Pits of Slime
 54718 | Slime:5  | Entered Level 5 of the Pits of Slime
 54762 | Slime:5  | Noticed the Royal Jelly
 54783 | Slime:5  | Killed the Royal Jelly
 55147 | Slime:5  | Found the +8 glaive of the Guard {elec, spectral, AC+5}
 55158 | Slime:5  | Got a slimy rune of Zot
 55175 | Slime:5  | Identified the Tome of Stones
 55232 | Slime:5  | Identified the ring "Afroos" {Fire rCorr}
 55756 | Depths:4 | Was forgiven by Okawaru
 55894 | Depths:4 | Voluntarily entered the Abyss.
 56325 | Abyss:1  | Reached XP level 27. HP: 273/273 MP: 12/30
 56687 | Abyss:1  | Identified the Collected Works on the Supportive Birds
 57431 | Abyss:3  | Paralysed by accursed screaming for 1 turns
 57890 | Depths:4 | Escaped the Abyss
 58004 | Depths:4 | Voluntarily entered the Abyss.
 59151 | Abyss:2  | Paralysed by accursed screaming for 1 turns
 59229 | Depths:4 | Escaped the Abyss
 59244 | Depths:4 | Voluntarily entered the Abyss.
 59848 | Abyss:1  | Noticed a dread lich
 59856 | Abyss:1  | Killed a dread lich
 59868 | Abyss:1  | Reached skill level 15 in Invocations
 60263 | Abyss:1  | Found a snail-covered altar of Cheibriados.
 60382 | Abyss:1  | Paralysed by accursed screaming for 1 turns
 60520 | Abyss:1  | Noticed a dread lich
 60530 | Abyss:1  | Killed a dread lich
 60645 | Abyss:2  | Found a corrupted altar of Lugonu.
 60693 | Abyss:2  | Noticed a dread lich
 60705 | Abyss:2  | Killed a dread lich
 61218 | Abyss:2  | Identified the +10 morningstar "Mamulyfa" {freeze, Contam
                  | Fly rPois Will+++}
 61718 | Abyss:3  | Got an abyssal rune of Zot
 61752 | Depths:4 | Escaped the Abyss
 61778 | Depths:4 | Acquired a manual of Axes
 61799 | Depths:4 | Voluntarily entered the Abyss.
 61818 | Abyss:1  | Found a burning altar of Makhleb.
 62258 | Abyss:1  | Found a burning altar of Makhleb.
 62888 | Depths:4 | Escaped the Abyss
 62890 | Depths:4 | Voluntarily entered the Abyss.
 63161 | Abyss:1  | Found a corrupted altar of Lugonu.
 63485 | Abyss:1  | Reached skill level 27 in Armour
 63781 | Abyss:1  | Found a shadowy altar of Dithmenos.
 63892 | Abyss:1  | Found a corrupted altar of Lugonu.
 64440 | Depths:4 | Escaped the Abyss
 64524 | Depths:4 | Quit the game

Illustrated notes

Levels and vault maps discovered:
D:1:      dpeg_arrival_court, layout_basic
D:2:      layout_rooms
D:3:      layout_basic, marbit_many_paths, lemuel_tele_altar, elyvilon_altar_3,
          hellmonk_ecumenical_altar_slurped_away, uniq_natasha
D:4:      layout_layer_cave, tso_metal_star, gup_sewer_entry_spiral,
          minmay_diced_spiral, uniq_pikel
D:5:      layout_rooms, kennysheep_little_box
D:6:      layout_basic
D:7:      layout_loops_ring, minmay_temple_entry_glassed_door
D:8:      layout_cave_pools, minmay_misc_feat_diagonals,
          hangedman_decor_peaks_small
D:9:      layout_loops_ring, nzn_wu_jian_contemplation, zombieorc2_lemuel,
          ebering_ghost_disaster_area
D:10:     layout_loops_cross, overflow_temple_1_default, david_lair_shrubbed
D:11:     minmay_cornered_nines, layout_stronghold, uniq_erolcha
D:12:     layout_irregular_city, minmay_increasing_density
D:13:     layout_roguey, ximxim_vaults_locker_room, hangedman_tell_no_tales
D:14:     emtedronai_trogs_sanctum, layout_stronghold, minivault_14,
          lightli_church_of_beogh
D:15:     hangedman_depths_entry_civil_slaughter, layout_loops_ring,
          portal_ice_cave_entry_animals_and_master, uniq_azrael, uniq_jorgrun
Temple:   bh_familiar_temple
Lair:1:   layout_loops_ring
Lair:2:   layout_regular_city, enter_volcano_3, infiniplex_staircase_pool_2,
          grunt_megastairs_2
Lair:3:   layout_chaotic_city, elwin_shoals_entry_rooms,
          spider_nest_entry_web_field, uniq_nergalle
Lair:4:   layout_gridlike
Lair:5:   layout_long_grid, grunt_megastairs_1
Lair:6:   grunt_lair_end_beastmaster, layout_regular_city,
          minmay_slime_entry_jelly_boxes, gammafunk_ghost_abyssal_escape,
          kennysheep_rathole
Shoals:1: cheibrodos_shoals_roost, layout_shoals
Shoals:2: layout_shoals, serial_shops, shop,
          nicolae_shoals_water_elemental_grotto
Shoals:3: layout_shoals
Shoals:4: shoals_end_grunt_garden, layout_shoals, uniq_polyphemus
Spider:1: layout_spider_delve, uniq_louise
Spider:2: cheibrodos_spider_deadly_dance, uniq_agnes
Spider:3: layout_spider_delve, guppyfry_spider_mini_3
Spider:4: guppyfry_spider_rune, einodemon_crawler_minivault
Slime:1:  layout_caves
Slime:2:  layout_caves
Slime:3:  layout_caves
Slime:4:  layout_caves
Slime:5
Orc:1:    layout_caves, serial_shops, shop, basic_altar
Orc:2:    st_orc_open, layout_diamond_mine, uniq_josephine
Elf:1:    elf_arrival_002, layout_onion_city, minmay_elf_crystal_hexagon,
          lemuel_upstairs_altar
Elf:2:    layout_loops_ring, uniq_roxanne
Elf:3:    minmay_elf_hall_dome, layout_loops_cross, serial_shops, shop,
          palyth_stone_intersect
Vaults:1: v_rooms_1, v_pattern_2, ontoclasm_vaults_tryst, st_lattice,
          nicolae_vaults_hallways_thing, nicolae_vaults_theta,
          nicolae_vaults_little_squares_3, nicolae_vaults_network_quinsquares
          [nicolae_vaults_network_quincunx_subvault,
          nicolae_vaults_network_quincunx_subvault,
          nicolae_vaults_network_quincunx_subvault,
          nicolae_vaults_network_quincunx_subvault], v_misc_4,
          ontoclasm_vaults_eye, vaults_mumra_lcd, hangedman_vaults_slice,
          nicolae_vaults_little_squares_4, ontoclasm_vaults_fault,
          layout_vaults_big_cross
Vaults:2: minmay_crypt_entry_simple_statues, vaults_room_guarded_vault,
          v_misc_25, vaults_mumra_minichess, nicolae_vaults_rhombus_6,
          hangedman_vaults_impose, ontoclasm_vaults_idyll,
          layout_vaults_quadrants, serial_shops, shop, uniq_frederick
Vaults:3: vaults_dpeg_spiral, nicolae_vaults_circle_grid_a, v_misc_10,
          vaults_mumra_hexcomb, v_misc_5, nicolae_vaults_rhombus_7,
          ontoclasm_vaults_spin, nicolae_vaults_border_crossing,
          vaults_room_semicircle, nicolae_vaults_little_ls,
          layout_vaults_big_room
Vaults:4: vaults_room_stairs_pillars, ontoclasm_vaults_chip,
          vaults_room_grunt_arrival_checkpoint, serial_ice_m,
          nicolae_vaults_angled_halls, nicolae_vaults_shelves_hall,
          nicolae_vaults_rhombus_7, nicolae_vaults_shelves_hall, v_rooms_2,
          v_misc_22, vaults_dpeg_encased_lava, hangedman_vaults_corner_blocks,
          nicolae_vaults_back_hallway, ontoclasm_vaults_chip, v_pattern_4,
          layout_vaults_omnibox, enter_trove_1
Vaults:5
Crypt:1:  layout_misc_corridors, grunt_crypt_arrival_webbed
Crypt:2:  layout_basic, uniq_boris, uniq_mara
Crypt:3:  grunt_crypt_end_deaths_head
Depths:1: layout_cave_pools, minmay_holes, minmay_room_of_horrors,
          rand_demon_pan_entry_4, hell_entry, minmay_fractal_squares_diagonal_5
Depths:2: minmay_the_grid_triangle_9x9_recursive_3
          [minmay_the_grid_triangle_9x9_windchime,
          minmay_the_grid_triangle_9x9_longest,
          minmay_the_grid_triangle_9x9_alien,
          minmay_the_grid_triangle_9x9_prize_insulated,
          minmay_the_grid_triangle_9x9_dagger,
          minmay_the_grid_triangle_9x9_negative_grid,
          minmay_the_grid_triangle_9x9_intruding_spiral,
          minmay_the_grid_triangle_9x9_thin_v,
          minmay_the_grid_triangle_9x9_corruption], layout_gridlike, hell_entry,
          serial_shops, nicolae_shop_statue_plus, serial_bayou_pond_a,
          hellmonk_guarded_unrand_salamander, infiniplex_staircase_pillars_1
Depths:3: minmay_three_patterns, layout_cave_pools, pan_entry,
          marbit_kobold_abyss_entry, hell_entry, minmay_misc_feat_cross
Depths:4: gammafunk_the_bubble [the_bubble_gammafunk_crates], layout_gridlike,
          enter_ziggurat_e, nrook_uturn, hell_entry, abyss_entry_flame_altar,
          infiniplex_staircase_pool_lava
Depths:5: grunt_zot_entry_gee_three, layout_basic,
          chequers_serial_rivers_micro_a, hell_entry, grunt_ministairs_3,
          st_stairs_14, vehumet_crystals, uniq_saint_roka, uniq_margery

Skill      XL: |  1  2  3  4  5  6  7  8  9 10 11 12 13 14 15 16 17 18 19 20 21 22 23 24 25 26 27 |
---------------+----------------------------------------------------------------------------------+-----
Axes           | 3 4 5 6 7 9 11 13 15 16 18 19 20 | 20.8
Fighting       | 4 7 10 13 15 17 20 21 22 24 25 26 27 | 27.0
Invocations    | 2 6 9 10 11 18 | 18.7
Armour         | 4 5 8 10 11 12 13 14 15 17 18 19 21 23 24 27 | 27.0
Dodging        | 1 3 8 11 13 14 15 16 17 18 19 20 21 22 23 | 23.8
Shields        | 4 5 8 10 11 12 13 14 15 17 18 19 20 21 22 24 | 24.0
Throwing       | 4 9 12 14 15 17 | 17.5
Evocations     | 7 8 |  8.3

Action                   |  1- 3 |  4- 6 |  7- 9 | 10-12 | 13-15 | 16-18 | 19-21 | 22-24 | 25-27 || total
-------------------------+-------+-------+-------+-------+-------+-------+-------+-------+-------++-------
Melee: War axe           |    69 |   218 |   224 |   376 |       |       |       |       |       ||   887
       Headbutt          |     8 |    19 |    29 |    93 |   212 |   294 |   316 |   575 |  1163 ||  2709
       Broad axe         |       |       |       |    38 |   770 |   943 |   975 |  1638 |  3375 ||  7739
Throw: Javelin           |       |       |       |       |       |     1 |       |       |     3 ||     4
Invok: Heroism           |       |       |       |     5 |    10 |     2 |     2 |     5 |       ||    24
       Finesse           |       |       |       |     1 |     2 |     2 |     2 |     2 |       ||     9
       Donate Gold       |       |       |       |       |       |       |       |       |     2 ||     2
       Vitalisation      |       |       |       |       |       |       |       |       |     4 ||     4
       Recite            |       |       |       |       |       |       |       |       |     3 ||     3
 Abil: Evoke Berserk Rag |       |       |       |       |       |       |       |       |     1 ||     1
  Use: Scroll            |       |     7 |     5 |     7 |    13 |    15 |     8 |     5 |     4 ||    64
       Potion            |       |     3 |     3 |     2 |     2 |    12 |     4 |       |     9 ||    35
 Stab: Distracted        |       |       |       |       |       |       |       |     1 |     3 ||     4
       Confused          |       |       |       |       |       |       |       |       |     2 ||     2
Armor: Scale mail        |    42 |    45 |       |       |       |       |       |       |       ||    87
       Chain mail        |       |    67 |   132 |   183 |   262 |   342 |   164 |   226 |   283 ||  1659
       Leather armour    |       |       |       |       |     7 |       |       |       |       ||     7
Dodge: Dodged            |    30 |    81 |    60 |    89 |   229 |   284 |   190 |   286 |   503 ||  1752
Block: Kite shield       |    37 |   137 |   136 |   188 |   223 |       |       |       |       ||   721
       Tower shield      |       |       |       |       |   432 |  1002 |   903 |  1232 |  2375 ||  5944
       Reflection        |       |       |       |       |    27 |    56 |   136 |     3 |       ||   222

Table legend: (Time is in decaauts)
 A = Elapsed time spent in this place.
 B = Non-inter-level travel time spent in this place.
 C = Inter-level travel time spent in this place.
 D = Time resting spent in this place.
 E = Time spent auto-exploring this place.
 F = Levels seen in this place.
 G = Mean time per level.
                   A        B        C        D        E       F      G
               +--------+--------+--------+--------+--------+-----+--------+
         Total |  62404 |  54013 |   8391 |   3565 |  37303 |  65 |  960.1 |
       Dungeon |  16792 |  13023 |   3769 |   1068 |   9476 |  15 | 1119.5 |
        Temple |    282 |    174 |    108 |      0 |    169 |   1 |  282.0 |
          Lair |   6053 |   4931 |   1122 |     65 |   3962 |   6 | 1008.8 |
        Shoals |   3876 |   3675 |    201 |    251 |   2661 |   4 |  969.0 |
   Spider Nest |   3124 |   2948 |    176 |    358 |   1899 |   4 |  781.0 |
    Slime Pits |    713 |    652 |     61 |    152 |     60 |   5 |  142.6 |
  Orcish Mines |   1231 |    997 |    234 |     71 |    708 |   2 |  615.5 |
   Elven Halls |   3891 |   3589 |    302 |    405 |   2456 |   3 | 1297.0 |
        Vaults |   9090 |   7485 |   1605 |    379 |   5288 |   5 | 1818.0 |
         Crypt |   2991 |   2734 |    257 |      0 |   1983 |   3 |  997.0 |
        Depths |   6192 |   5640 |    552 |    375 |   3972 |   5 | 1238.4 |
         Abyss |   7329 |   7329 |      0 |     90 |   4436 |  10 |  732.9 |
         Sewer |    644 |    644 |      0 |    308 |    182 |   1 |  644.0 |
      Ice Cave |    192 |    192 |      0 |     41 |     48 |   1 |  192.0 |
               +--------+--------+--------+--------+--------+-----+--------+

Top non-repeatable levels by time:
 Abyss:1: 4178 daAuts
 Abyss:2: 2280 daAuts
Vaults:5: 2139 daAuts
Vaults:2: 2103 daAuts
Vaults:1: 2091 daAuts
     D:4: 1880 daAuts
    D:11: 1623 daAuts
    D:14: 1612 daAuts
Depths:4: 1560 daAuts
  Lair:6: 1436 daAuts
Depths:2: 1409 daAuts
Vaults:3: 1400 daAuts
Vaults:4: 1355 daAuts
   Elf:1: 1327 daAuts
   Elf:2: 1301 daAuts
